 Dungeon Crawl Stone Soup version 0.27.0-1-g7a089689b8 (webtiles) character file.

Game seed: 7712301763734615553

8664 robertstho the Grappler (level 11, -7/107 HPs)
             Began as a Troll Delver on Aug 5, 2021.
             Was a Priest of Okawaru.
             Mangled by Urug (23 damage)
             ... on level 10 of the Dungeon.
             The game lasted 00:13:06 (9044 turns).

robertstho the Grappler (Troll Delver)              Turns: 9044, Time: 00:13:06

Health: -7/107     AC:  7    Str: 30    XL:     11   Next: 12%
Magic:  10/12      EV: 13    Int:  9    God:    Okawaru [***...]
Gold:   532        SH:  0    Dex: 11    Spells: 10/10 levels left

rFire    . . .     SeeInvis .     - Unarmed
rCold    . . .     Faith    .   (no shield)
rNeg     . . .     Spirit   .   a - +0 robe
rPois    .         Reflect  .   (helmet restricted)
rElec    .         Harm     .   H - +1 cloak
rCorr    .         Rampage  .   (gloves unavailable)
Will     .....                  (boots unavailable)
Stlth    +++.......             y - amulet of the acrobat
HPRegen  1.27/turn              e - ring of the Monkey's Uncle {Wiz Int+2 Slay+3}
MPRegen  0.13/turn              o - +6 ring of strength

@: heroic
A: large, unfitting armour, claws 3, regeneration 1, shaggy fur 1, tough skin 1
a: Renounce Religion, Heroism


You were on level 10 of the Dungeon.
You worshipped Okawaru.
Okawaru was most pleased with you.
You visited 2 branches of the dungeon, and saw 11 of its levels.
You also visited: Ossuary.

You collected 532 gold pieces.

Inventory:

Hand Weapons
 z - a +1 war axe of electrocution
Missiles
 r - a throwing net (quivered)
Armour
 a - a +0 robe (worn)
 H - a +1 cloak (worn)
Jewellery
 e - the ring of the Monkey's Uncle (left claw) {Wiz Int+2 Slay+3}
   (You acquired it in an ossuary)

   [ring of wizardry]

   It improves your spell success rate.
   Int:       It affects your intelligence (+2).
   Slay:      It affects your accuracy & damage with ranged weapons and melee
   (+3).
 o - a +6 ring of strength (right claw)
 s - a ring of protection from fire
 y - an amulet of the acrobat (around neck)
 E - the ring of the Good {rN+ Int+2 SInv}
   (You found it on level 9 of the Dungeon)

   [ring of positive energy]

   Int:       It affects your intelligence (+2).
   rN:        It protects you from negative energy.
   SInv:      It lets you see invisible.
Wands
 f - a wand of digging (2)
 i - a wand of iceblast (12)
 n - a wand of paralysis (14)
 t - a wand of charming (6)
 B - a wand of flame (4)
 F - a wand of polymorph (9)
Scrolls
 b - 5 scrolls of fog
 d - 2 scrolls of fear
 g - a scroll of enchant armour
 h - a scroll of magic mapping
 l - 2 scrolls of blinking {unknown}
 x - 2 scrolls of teleportation {unknown}
 G - a scroll of amnesia
Potions
 c - 4 potions of ambrosia
 j - 2 potions of mutation
 k - 2 potions of flight
 m - 2 potions of berserk rage {unknown}
 p - 2 potions of brilliance {unknown}
 q - 2 potions of might {unknown}
 v - 3 potions of lignification {unknown}
 w - a potion of magic {unknown}
 A - 2 potions of curing {unknown}
 C - a potion of attraction {unknown}
 D - 3 potions of haste


   Skills:
 * Level 6.7(11.7) Fighting
 * Level 6.3(11.3) Armour
 + Level 5.6(10.6) Dodging
 - Level 2.7(7.7) Stealth
 + Level 11.4(16.4) Unarmed Combat
 * Level 3.0 Invocations
 + Level 0.6 Evocations


You had 10 spell levels left.
You didn't know any spells.
Your spell library contained the following spells:

 Spells                   Type           Power      Damage    Failure   Level
 Sandblast                Erth           0%         2d4       16%         1
 Corpse Rot               Necr/Air       N/A        N/A       24%         2
 Passwall                 Tmut/Erth      0%         N/A       24%         2
 Slow                     Hex            0%         N/A       24%         2
 Confusing Touch          Hex            0%         N/A       43%         3
 Dazzling Flash           Conj/Hex       0%         N/A       43%         3
 Gell's Gravitas          Tloc           0%         N/A       43%         3
 Lesser Beckoning         Tloc           0%         N/A       43%         3
 Teleport Other           Tloc           0%         N/A       43%         3
 Vampiric Draining        Necr           0%         2d6       43%         3
 Agony                    Necr           0%         N/A       98%         5
 Lee's Rapid Deconstruct  Erth           0%         3d5*      98%         5
 Metabolic Englaciation   Hex/Ice        0%         N/A       98%         5
 Silence                  Hex/Air        0%         N/A       98%         5
 Yara's Violent Unravell  Hex/Tmut       0%         3d3       98%         5
 Simulacrum               Ice/Necr       0%         N/A       100%        6


Dungeon Overview and Level Annotations

Branches:
Dungeon (10/15)            Temple (1/1) D:7            Lair (0/6) D:9
Ossuary (visited)
    Orc: D:9-12

Altars:
Ashenzari
Cheibriados
Dithmenos
Elyvilon
Fedhas
Gozag
Hepliaklqana
Kikubaaqudgha
Makhleb
Nemelex Xobeh
Okawaru
Qazlal
Ru
Sif Muna
Trog
Uskayaw
Vehumet
Wu Jian
Xom
Yredelemnul
Zin
The Shining One

Annotations:
D:10 Urug


Innate Abilities, Weirdness & Mutations

You are too large for most types of armour.
You have claws for hands.
Your natural rate of healing is unusually fast.
You are covered in fur. (AC +1)
You have tough skin. (AC +1)


Message History

Urug is nearby!
Urug is nearby!
Urug is nearby!
You closely miss Urug. You claw Urug!
Urug is lightly wounded.
Urug hits you with a +2 double sword of protection!
You scratch Urug but do no damage. Your claw misses Urug.
Urug is lightly wounded.
Urug hits you with a +2 double sword of protection!
You barely miss Urug.
Urug is lightly wounded.
Urug squints and says, "My one eye mightn't be all that good, but I can see you just fine with it, harpy."
Urug barely misses you.
You mangle Urug!!
Urug is severely wounded.
Urug hits you with a +2 double sword of protection!
You scratch Urug but do no damage.
Urug is heavily wounded.
You scratch Urug but do no damage.
Urug is heavily wounded.
Urug hits you but does no damage.
You claw Urug!
Urug is severely wounded.
Urug squints and screams, "I know a harpy when I see one!"
Urug hits you with a +2 double sword of protection!!
You gain the combat prowess of a mighty hero.
Urug barely misses you.
You claw Urug!
Urug is almost dead.
Urug hits you with a +2 double sword of protection!
You scratch Urug but do no damage.
Urug is almost dead.
You closely miss Urug. Your claw misses Urug.
Urug is almost dead.
Urug hits you with a +2 double sword of protection!!
* * * LOW HITPOINT WARNING * * *
You barely miss Urug. Your claw misses Urug.
Urug is almost dead.
Urug hits you with a +2 double sword of protection!!
You die...

#####################
.....................
#....#######.....####..#
+........ +.._.@o...(..
#....#### #.....#####..
#....# #.)...# #....#
###...# ###### #...#
#...# #...# #####


You could see Urug.

Vanquished Creatures
  A two-headed ogre (D:9)
  A gargoyle (D:10)
  A kobold demonologist (D:10)
  A komodo dragon (D:9)
  A troll (D:9)
  A shadow (D:10)
  Sigmund (D:3)
  3 yaks (D:9)
  A wraith (D:9)
  7 wyverns
  A steam dragon (D:8)
  An acid dragon (D:9)
  3 orc warriors
  A hornet zombie (D:6)
  2 necrophages
  4 ice beasts
  5 ogres
  8 centaurs
  2 elf zombies (Ossuary)
  A kobold brigand (D:7)
  5 bullfrogs
  A scorpion (D:6)
  3 water moccasin skeletons
  6 wights
  4 electric eels (D:7)
  4 howler monkeys (D:5)
  3 centaur zombies (Ossuary)
  A bullfrog zombie (D:3)
  A centaur skeleton (D:7)
  2 jellies
  2 bullfrog skeletons
  7 orc priests
  5 hounds
  5 gnoll shamans
  Ijyb (D:4)
  4 iguanas
  A scorpion zombie (D:3)
  6 orc wizards
  3 hound zombies (Ossuary)
  A hound skeleton (D:4)
  4 mummies
  4 adders
  15 gnolls
  A shadow imp (D:6)
  A white imp (D:8)
  An adder skeleton (D:4)
  4 adder zombies (Ossuary)
  A worm (D:2)
  4 dart slugs
  43 orcs
  5 ball pythons
  6 endoplasms
  A giant cockroach (D:1)
  5 gnoll zombies (Ossuary)
  5 goblins
  6 hobgoblins
  16 jackals
  9 kobolds
  2 quokkas
  7 bats
  3 frilled lizards (D:3)
  4 goblin zombies (Ossuary)
  A hobgoblin zombie (Ossuary)
  3 jackal zombies (Ossuary)
  7 kobold zombies (Ossuary)
  2 quokka zombies
  4 rats (D:1)
  4 rat zombies (Ossuary)
279 creatures vanquished.

Vanquished Creatures (others)
  A shadow imp (D:7)
  An orc (D:7)
  5 plants
7 creatures vanquished.

Grand Total: 286 creatures vanquished

Notes
Turn   | Place    | Note
-------+----------+-------------------------------------------
     0 | D:5      | robertstho the Troll Delver began the quest for the Orb.
     0 | D:5      | Reached XP level 1. HP: 22/22 MP: 0/0
    34 | D:4      | Noticed an ogre
    79 | D:4      | Noticed an orc warrior
    79 | D:4      | Noticed an orc wizard
    86 | D:4      | Noticed an ogre
    94 | D:4      | Killed an ogre
    95 | D:4      | Reached XP level 2. HP: 12/31 MP: 1/1
    95 | D:4      | Reached XP level 3. HP: 14/37 MP: 2/2
    95 | D:4      | Reached XP level 4. HP: 17/45 MP: 3/3
   215 | D:4      | Killed an ogre
   216 | D:4      | Reached XP level 5. HP: 38/53 MP: 4/4
   221 | D:4      | Reached skill level 3 in Unarmed Combat
   250 | D:4      | Found a sand-covered staircase.
   261 | Ossuary  | Entered an ossuary
   327 | Ossuary  | Reached XP level 6. HP: 51/61 MP: 5/5
   480 | Ossuary  | Reached skill level 4 in Unarmed Combat
   615 | Ossuary  | Reached XP level 7. HP: 70/70 MP: 6/6
   643 | Ossuary  | Identified a scroll of acquirement
   643 | Ossuary  | Acquired the ring of the Monkey's Uncle {Wiz Int+2 Slay+3}
   695 | D:4      | Noticed Ijyb
   708 | D:4      | Killed Ijyb
   925 | D:4      | Reached skill level 5 in Unarmed Combat
  1451 | D:5      | Reached XP level 8. HP: 46/79 MP: 7/7
  1656 | D:5      | Reached skill level 6 in Unarmed Combat
  2342 | D:5      | Reached skill level 7 in Unarmed Combat
  2510 | D:5      | Paralysed by an orc for 4 turns
  2520 | D:5      | Reached skill level 5 in Fighting
  2952 | D:3      | Noticed Sigmund
  2968 | D:3      | Killed Sigmund
  2969 | D:3      | Reached XP level 9. HP: 49/88 MP: 8/8
  3714 | D:2      | You fall into a shaft and drop 2 floors!
  4515 | D:1      | Reached skill level 8 in Unarmed Combat
  5225 | D:5      | Reached skill level 5 in Armour
  5281 | D:6      | Reached skill level 9 in Unarmed Combat
  5336 | D:6      | Got the Disquisition on Enthralling Evil
  5884 | D:7      | Reached XP level 10. HP: 66/98 MP: 9/9
  6214 | D:7      | Found a staircase to the Ecumenical Temple.
  6359 | Temple   | Entered the Ecumenical Temple
  6525 | Temple   | Became a worshipper of Warmaster Okawaru
  6843 | D:7      | Reached skill level 10 in Unarmed Combat
  7063 | D:8      | Found a broken altar of Ashenzari.
  7257 | D:8      | Reached skill level 1 in Invocations
  7532 | D:8      | Found a glowing golden altar of the Shining One.
  7540 | D:8      | Reached skill level 5 in Dodging
  7816 | D:9      | Reached * piety under Okawaru
  8065 | D:9      | Found a burning altar of Makhleb.
  8098 | D:9      | Identified the ring of the Good {rN+ Int+2 SInv}
  8250 | D:9      | Found a snail-covered altar of Cheibriados.
  8308 | D:9      | Reached ** piety under Okawaru
  8627 | D:9      | Noticed a two-headed ogre
  8637 | D:9      | Killed a two-headed ogre
  8638 | D:9      | Reached skill level 11 in Unarmed Combat
  8693 | D:9      | Reached *** piety under Okawaru
  8722 | D:9      | Found a staircase to the Lair.
  8730 | D:9      | Reached XP level 11. HP: 75/107 MP: 10/12
  8872 | D:9      | Found a glowing silver altar of Zin.
  8873 | D:9      | Noticed an angel
  8873 | D:9      | Noticed a balrug
  8922 | D:10     | Entered Level 10 of the Dungeon
  9002 | D:10     | Found a shadowy altar of Dithmenos.
  9032 | D:10     | Noticed Urug
  9044 | D:10     | Mangled by Urug

Illustrated notes

Levels and vault maps discovered:
D:1:      wander_arrival_peaceful_grave, layout_basic
D:2:      layout_loops_ring, minmay_pentomino_p4
D:3:      layout_loops_corners, st_stairs_8, uniq_sigmund
D:4:      layout_loops_ring, gup_ossuary_entry_pyramid, kennysheep_nub,
          grunt_ministairs_8, uniq_ijyb
D:5:      lemuel_castle_with_subvaults [lemuel_castle_interior_carwin_2],
          layout_basic, grunt_ministairs_6, hangedman_minor_gate_pass
D:6:      layout_rooms
D:7:      minmay_evil_eye, layout_loops_corners, lemuel_temple_firewalk_a,
          serial_bayou, serial_bayou_pond_d, serial_bayou_shore_b,
          serial_bayou_ford_a, serial_bayou_pond_b, hangedman_glass_teeth
D:8:      layout_basic, mainiacjoe_overflow_24_doors,
          mainiacjoe_overflow_alcove_2, kennysheep_generic_room_13
D:9:      layout_irregular_city, grunt_temple_overflow_order_and_chaos_2,
          mainiacjoe_overflow_paths, erik_lair_dragon, serial_column_ruins,
          column_ruins_pillar_2, column_ruins_pillar_1, column_ruins_pillar_9,
          column_ruins_pillar_2, column_ruins_pillar_1, column_ruins_pillar_1,
          column_ruins_pillar_1, column_ruins_pillar_3
D:10:     layout_basic, overflow_temple_1_default, uniq_maurice, uniq_gastronok,
          uniq_urug
Temple:   nicolae_temple_elliptical

Skill      XL: |  1  2  3  4  5  6  7  8  9 10 11 |
---------------+----------------------------------+-----
Fighting       | 3 4 5 6 |  6.7
Armour         | 2 3 4 5 6 |  6.3
Dodging        | 2 3 4 5 |  5.6
Unarmed Combat | 3 4 5 7 9 11 | 11.4
Invocations    | 2 3 |  3.0
Stealth        | |  2.7
Evocations     | |  0.6

Action                   |  1- 3 |  4- 6 |  7- 9 | 10-12 || total
-------------------------+-------+-------+-------+-------++-------
Melee: Unarmed           |    13 |   188 |   446 |   129 ||   776
       Punch             |       |     1 |    16 |     4 ||    21
Invok: Heroism           |       |       |       |     1 ||     1
Evoke: Wand              |     1 |     8 |       |       ||     9
  Use: Potion            |     1 |       |       |     4 ||     5
       Scroll            |       |     1 |     9 |       ||    10
 Stab: Sleeping          |     3 |     2 |    11 |     5 ||    21
Armor: Robe              |     1 |    53 |    94 |    19 ||   167
Dodge: Dodged            |     3 |    82 |   213 |    66 ||   364
